 Dungeon Crawl Stone Soup version 0.31-a0-188-g5e087ee2ca (webtiles) character file.

Game seed: 17395331148618211693

83 qw the Shooter (level 4, -8/25 HPs)
             Began as a Deep Elf Hunter on June 23, 2023.
             Mangled by a gnoll
             ... wielding a +0 halberd
              (11 damage)
             ... on level 2 of the Dungeon.
             The game lasted 00:00:25 (617 turns).

qw the Shooter (Deep Elf Hunter)                     Turns: 617, Time: 00:00:26

Health: -8/25      AC:  5    Str: 10    XL:     4   Next: 22%
Magic:  6/6        EV: 11    Int: 14    God:
Gold:   101        SH:  0    Dex: 18    Spells: 3/3 levels left

rFire   . . .        Y - +0 shortbow
rCold   . . .        (shield currently unavailable)
rNeg    . . .        g - +0 ring mail
rPois   .            (no helmet)
rElec   .            (no cloak)
rCorr   .            (no gloves)
SInv    .            (no boots)
Will    .....        (no amulet)
Stlth   +            (no ring)
HPRegen 0.24/turn    (no ring)
MPRegen 0.10/turn

%: no passive effects
@: no status effects
A: no striking features
a: no special abilities


You were on level 2 of the Dungeon.
You visited 1 branch of the dungeon, and saw 2 of its levels.

You collected 101 gold pieces.


   Skills:
 - Level 1.5 Fighting
 + Level 7.6 Ranged Weapons
 - Level 2.4 Dodging
 - Level 1.2 Stealth


You had 3 spell levels left.
You didn't know any spells.
Your spell library was empty.

Inventory:

Hand Weapons
 Y - a +0 shortbow (weapon)
Armour
 a - a +0 helmet
 g - a +0 ring mail (worn)
Potions
 e - a potion of ambrosia {unknown}
 h - a potion of brilliance {unknown}

Dungeon Overview and Level Annotations

Branches:
Dungeon (2/15)

Altars:


Message History

Ouch! That really hurt!
The gnoll closely misses you.
605 ||| DRINKING potion of heal wounds.
You feel much better.
The gnoll hits you from afar with a +0 halberd.
The gnoll hits you with a +0 club.
You shoot an arrow. The arrow closely misses the gnoll.
The gnoll misses you. The gnoll hits you with a +0 club.
You shoot an arrow. The arrow hits the gnoll.
You kill the gnoll!
The gnoll barely misses you.
You have reached level 4!
You feel clever.
You shoot an arrow. The arrow hits the gnoll.
The gnoll is moderately wounded.
The gnoll closely misses you. The gnoll hits you with a +0 whip.
The gnoll misses you.
You shoot an arrow. The arrow hits the gnoll.
The gnoll is severely wounded.
The gnoll hits you but does no damage. The gnoll hits you with a +0 whip.
You shoot an arrow. The arrow hits the gnoll!
You kill the gnoll!
The gnoll hits you from afar with a +0 halberd.
You shoot an arrow. The arrow barely misses the gnoll.
The gnoll barely misses you.
You shoot an arrow.
The arrow hits the gnoll but does no damage.
The gnoll barely misses you.
You shoot an arrow. The arrow barely misses the gnoll.
The gnoll barely misses you.
You shoot an arrow.
The arrow hits the gnoll but does no damage.
The gnoll completely misses you. The gnoll misses you.
You shoot an arrow. The arrow closely misses the gnoll.
The gnoll hits you from afar with a +0 halberd.
You shoot an arrow. The arrow hits the gnoll.
The gnoll is moderately wounded.
The gnoll closely misses you.
You shoot an arrow. The arrow hits the gnoll!
The gnoll is severely wounded.
The gnoll hits you from afar with a +0 halberd!
You die...

.### ## ## ..# ##
##.####.. #
#....... # .%#...
## .%..# )########
#.g. .......).
####)#
%.###########...@#
#..##
##.....###.......
#)..####..#####
.......
#.#...##.######
.......
#.............#
...[...
#.##.########...
....... #.#..#
....... #)..##
....... ....


You could see a gnoll.

Vanquished Creatures
  2 adders (D:2)
  2 gnolls (D:2)
  A worm (D:2)
  4 ball pythons
  2 giant cockroaches (D:1)
  4 goblins
  5 hobgoblins
  8 jackals
  3 kobolds
  2 quokkas
  A bat (D:1)
  2 frilled lizards (D:1)
  5 rats (D:1)
41 creatures vanquished.

Notes
Turn   | Place    | Note
-------+----------+-------------------------------------------
     0 | D:1      | qw the Deep Elf Hunter began the quest for the Orb.
     0 | D:1      | Reached XP level 1. HP: 12/12 MP: 3/3
     0 | D:1      | 0 ||| qw: Version: 0.3-a-9-g12657ce
     0 | D:1      | 0 ||| qw: Game counter: 3364
     0 | D:1      | 0 ||| qw: Always use a shield: true
     0 | D:1      | 0 ||| qw: God list: Okawaru
     0 | D:1      | 0 ||| qw: Allow faded altars: false
     0 | D:1      | 0 ||| qw: Do Orc after D:15 true
     0 | D:1      | 0 ||| qw: Do second Lair branch before Depths: true
     0 | D:1      | 0 ||| qw: Lair rune preference: random
     0 | D:1      | 0 ||| qw: Plans: Normal
     0 | D:1      | 0 ||| PLANNING D:1-11
    80 | D:1      | Reached XP level 2. HP: 13/16 MP: 4/4
   128 | D:1      | Reached skill level 6 in Ranged Weapons
   445 | D:1      | 445 ||| UPGRADING to +0 ring mail.
   455 | D:1      | 455 ||| DROPPING +0 leather armour.
   456 | D:1      | 456 ||| READING scroll labelled WIAX XUADO.
   457 | D:1      | 457 ||| READING scroll labelled QUAVVI FAWKYF.
   460 | D:1      | 460 ||| DRINKING 3 blue potions.
   461 | D:1      | 461 ||| DROPPING scroll of butterflies.
   504 | D:2      | Reached XP level 3. HP: 20/20 MP: 5/5
   552 | D:2      | Reached skill level 7 in Ranged Weapons
   601 | D:2      | HP: 1/20 [gnoll/+0 club (5)]
   602 | D:2      | 602 ||| DRINKING 2 potions of heal wounds.
   605 | D:2      | 605 ||| DRINKING potion of heal wounds.
   608 | D:2      | Reached XP level 4. HP: 16/25 MP: 6/6
   610 | D:2      | HP: 5/25 [gnoll/+0 halberd (6)]
   615 | D:2      | HP: 2/25 [gnoll/+0 halberd (4)]
   617 | D:2      | Mangled by a gnoll

Levels and vault maps discovered:
D:1:      wheals_arrival_shading, layout_rooms, serial_corexii_hall,
          corexii_hall_statues_s, corexii_hall_statues_i, minmay_curled_crystal
D:2:      layout_rooms, minmay_3d_cube

Skill      XL: |  1  2  3 |
---------------+----------+-----
Ranged Weapons | 6 7 |  7.6
Fighting       | |  1.5
Dodging        | |  2.4
Stealth        | |  1.2

Action                     |  1- 3 |  4- 6 || total
---------------------------+-------+-------++-------
   Fire: Shortbow          |   103 |    10 ||   113
    Use: Scroll            |     2 |       ||     2
         Potion            |     3 |       ||     3
 Armour: Leather armour    |     7 |       ||     7
         Ring mail         |     7 |     1 ||     8
  Dodge: Dodged            |    36 |     8 ||    44

Table legend:
 A = Non-vault XP
 B = Vault XP
 C = Vault XP percentage of total XP
 D = Non-vault monster count
 E = Vault monster count
 F = Vault count percentage of total count
                 A         B        C        D         E       F
            +---------+---------+-------+---------+---------+-------
      Total |     116 |       3 |   2.5 |      39 |       2 |   4.9
            +---------+---------+-------+---------+---------+-------
        D:1 |      34 |       0 |   0.0 |      22 |       0 |   0.0
        D:2 |      82 |       3 |   3.5 |      17 |       2 |  10.5
            +---------+---------+-------+---------+---------+-------
